 Dungeon Crawl Stone Soup version 0.16-b1 (webtiles) character file.

61450 wojtek the Nimble (level 15, -1/93 HPs)
             Began as a Kobold Assassin on Mar 14, 2015.
             Was the Champion of Makhleb.
             Engulfed by a blizzard demon's freezing vapour (19 damage)
             ... summoned by the player character
             ... on level 8 of the Lair of Beasts.
             The game lasted 01:26:43 (29013 turns).

wojtek the Nimble (Kobold Assassin)                Turns: 29013, Time: 01:26:43

Health: -1/93      AC: 10    Str:  6 (9)  XL:     15   Next: 42%
Magic:  28/28      EV: 31    Int:  4 (10) God:    Makhleb [******]
Gold:   2964       SH:  0    Dex: 27 (28) Spells: 2 memorised, 5 levels left

rFire  . . .     SeeInvis .     a - +3 short sword (drain)
rCold  . . .     Clarity  .     X - +0 troll leather armour
rNeg   . . .     SustAb   .     (no shield)
rPois  .         Gourm    .     x - +2 hat
rElec  .         Spirit   .     d - +0 cloak
rCorr  .         Warding  .     l - +1 pair of gloves
rMut   .         Stasis   .     Q - +0 pair of boots
MR     +....                    (no amulet)
Stlth  ++++......               k - +4 ring of dexterity
                                p - ring of invisibility

@: about to teleport, somewhat resistant to hostile enchantments, stealthy
A: claws 1, carnivore 3, deterioration 1
a: Minor Destruction, Lesser Servant of Makhleb, Major Destruction, Greater
Servant of Makhleb, Renounce Religion, Evoke Invisibility


You were on level 8 of the Lair of Beasts.
You worshipped Makhleb.
Makhleb was exalted by your worship.
You were full.

You visited 3 branches of the dungeon, and saw 24 of its levels.
You also visited: Sewer.

You collected 3192 gold pieces.
You spent 228 gold pieces at shops.

Inventory:

Hand weapons
 a - a +3 short sword of draining (weapon)
 b - a +0 blowgun
 y - a +2 antimagic dagger
 Z - a +2 short sword of holy wrath
Missiles
 e - 77 poisoned needles
 f - 8 curare-tipped needles {=f}
 w - 5 needles of confusion
Armour
 d - a +0 cloak (worn)
 l - a +1 pair of gloves (worn)
 x - a +2 hat (worn)
 Q - a +0 pair of boots (worn)
 U - a +1 robe of cold resistance
 X - a +0 troll leather armour (worn)
Jewellery
 j - an uncursed ring of magical power
 k - a +4 ring of dexterity (right hand)
 p - a ring of invisibility (left hand)
 L - an uncursed ring of wizardry
 N - an uncursed ring of ice
 O - an uncursed ring of protection from cold
 P - an uncursed ring of fire
 W - the ring "Todul" {Fire rPois Str+5 Dex-3}
   (You found it on level 3 of the Lair of Beasts)

   [ring of fire]

   It enhances your fire magic, and weakens your ice magic.
   It affects your strength (+5).
   It affects your dexterity (-3).
   It protects you from fire.
   It makes you vulnerable to cold.
   It protects you from poison.
Magical devices
 v - a wand of enslavement (24)
 I - a wand of digging (15)
 K - a wand of cold (9)
 R - a wand of flame (26)
 S - a wand of paralysis (4)
 T - a wand of polymorph (12)
 Y - a wand of digging (12)
Scrolls
 c - 3 scrolls of torment {unknown}
 m - 3 scrolls of magic mapping
 o - 2 scrolls of identify
 t - 12 scrolls of remove curse
 z - 3 scrolls of random uselessness {unknown}
 A - 3 scrolls of blinking
 B - 2 scrolls of teleportation
 D - a scroll of fear
 G - a scroll of fog
 H - 4 scrolls of noise {unknown}
 M - 4 scrolls of immolation
 V - a scroll of enchant armour
Potions
 h - 3 potions of lignification
 i - 5 potions of curing
 n - 5 potions of haste
 q - 5 potions of heal wounds
 r - 2 potions of magic
 s - 3 potions of might
 u - 2 potions of ambrosia {unknown}
 C - 3 potions of agility
 F - 5 potions of resistance
 J - 5 potions of invisibility
Comestibles
 g - 12 meat rations
 E - a royal jelly


   Skills:
 + Level 10.7 Fighting
 + Level 12.6 Short Blades
 - Level 2.6 Throwing
 + Level 14.8 Dodging
 - Level 5.3 Stealth
 - Level 7.3 Hexes
 * Level 12.3 Charms
 - Level 9.2 Invocations


You had 5 spell levels left.
You knew the following spells:

 Your Spells              Type           Power        Failure   Level  Hunger
a - Spectral Weapon       Hex/Chrm       #.......     6%          3    ####...
b - Haste                 Chrm           #.......     88%         6    #######


Dungeon Overview and Level Annotations

Branches:
Dungeon (12/15)            Temple (0/1) D:5            Lair (8/8) D:10
  Swamp (0/5) Lair:6        Snake (0/5) Lair:6        Slime (0/6) Lair:8
    Orc (4/4) D:11            Elf (0/3) Orc:3

Altars:
Ashenzari
Cheibriados
Elyvilon
Gozag
Kikubaaqudgha
Makhleb
Nemelex Xobeh
Ru
Trog
Zin
Beogh

Shops:
D:7 }   Orc:4 ?[*%

Annotations:
Lair:1 exclusion: electric eel
Lair:6 exclusion: oklob plant
Lair:8 exclusion: 2 oklob plants


Innate Abilities, Weirdness & Mutations

You are small and have problems with some larger weapons.
You are carnivorous and can eat meat at any time.
You have sharp fingernails.
Your body is slowly deteriorating.


Message History

The water moccasin hisses angrily.
You hit the blizzard demon.
The blizzard demon is heavily wounded.
You are engulfed in freezing vapours.
The blizzard demon completely misses you. x2
You hit the blizzard demon but do no damage.
The blizzard demon is heavily wounded.
You are engulfed in freezing vapours.
You hit the blizzard demon.
The blizzard demon is severely wounded.
You are engulfed in freezing vapours.
The blizzard demon waves its arms in wide circles.
The air twists around and strikes you!
* * * LOW HITPOINT WARNING * * *
Drink which item? (? for menu, Esc to quit)
Okay, then.
Read which item? (? for menu, Esc to quit)
As you read the scroll of teleportation, it crumbles to dust.
You feel strangely unstable.
You are engulfed in freezing vapours.
You die...

#..#P(.....PPP..##.
#..#.......P....###
##.......P.P#......
###...#.#....P#......
#.#..P.#.....P.......
##.#.................
###.................
#.§§2...#.........##
##§@§§....#.........
#P§§§....P........##
##......÷.........#.
#...PP..........PP.
.#.......PPP......P
##S........#P....##.
.....P...P......#.
.(...P.........P.#
..............PPP.


You could see a blizzard demon and a water moccasin.

Vanquished Creatures
  4 hydras
  Fannar (Orc:2)
  2 ogre magi (Orc:4)
  4 death yaks (Lair:8)
  An orc high priest (Orc:2)
  Nergalle (D:12)
  An unseen horror (D:12)
  A deep troll (Orc:4)
  4 hill giants
  An orb spider (Lair:6)
  2 cyclopes (Orc:4)
  5 griffons
  A manticore (D:11)
  8 elephants
  Maurice (Orc:2)
  11 spiny frogs
  A queen ant (Lair:8)
  A torpor snail (Lair:4)
  5 black mambas
  A centaur skeleton (D:11)
  5 komodo dragons
  4 fire drakes
  2 polar bears (Lair:6)
  7 trolls
  6 blink frogs
  16 slime creatures
  4 two-headed ogres
  6 basilisks
  A wyvern (D:9)
  A spriggan (Lair:4)
  A human (D:7)
  11 hippogriffs
  3 hungry ghosts
  19 yaks
  21 wolves
  15 water moccasins
  A mottled dragon (D:11)
  8 soldier ants (Lair:8)
  6 swamp worms (Lair:4)
  19 orc warriors
  5 porcupines
  A wasp (D:12)
  3 black bears
  2 sky beasts
  4 ice beasts
  An eye of draining (D:12)
  20 ogres
  2 necrophages
  2 phantoms
  2 boring beetles
  10 crocodiles
  Sigmund (D:5)
  8 centaurs
  14 giant frogs
  A big kobold (D:9)
  2 scorpions (D:6)
  12 killer bees
  A wyvern skeleton (D:6)
  4 wights (D:11)
  2 electric eels
  2 goliath beetles
  2 jellies (D:12)
  2 giant frog zombies
  8 crimson imps
  9 iguanas
  20 orc priests
  25 orc wizards
  A quasit (D:7)
  2 giant frog skeletons
  5 hounds
  26 worker ants
  19 sheep
  2 hound skeletons
  Terence (D:2)
  2 mummies
  8 gnolls
  17 adders
  38 river rats
  6 giant mites
  A shadow imp (D:8)
  5 worms
  8 giant geckos
  2 oozes
  145 orcs
  A bat skeleton (D:4)
  A bat zombie (D:8)
  5 giant cockroaches
  24 goblins
  15 hobgoblins
  7 jackals
  24 kobolds
  11 quokkas
  6 ball pythons
  18 bats
  7 giant newts
  A giant spore (D:12)
  A quokka zombie (D:8)
  10 rats
  4 ballistomycetes (D:12)
  A fungus (D:6)
801 creatures vanquished.

Vanquished Creatures (collateral kills)
  2 hydras
  Erica (Lair:4)
  A death yak (Lair:8)
  A deep troll (Orc:4)
  Erolcha (Orc:2)
  7 black mambas
  A spiny frog (Lair:7)
  A gargoyle (D:11)
  4 trolls (Orc:4)
  3 two-headed ogres
  8 blink frogs
  2 basilisks
  A neqoxec (Lair:5)
  6 yaks
  A porcupine (Lair:6)
  4 water moccasins
  An orc warrior (Orc:2)
  5 ogres
  A quasit (Lair:5)
  An iguana (Lair:1)
  2 sheep (Lair:4)
  2 gnolls (Orc:4)
  2 river rats (Lair:6)
  A shadow imp (Lair:5)
  9 orcs
68 creatures vanquished.

Vanquished Creatures (others)
  A balrug (Orc:4)
  A cacodemon (Lair:4)
  2 blizzard demons
  3 spectral weapons
  A quasit (Lair:6)
  2 orc wizards (Orc:2)
  A white imp (Lair:6)
  An orc (Orc:1)
  A ballistomycete (D:12)
  7 fungi
  2 plants (Lair:8)
22 creatures vanquished.

Grand Total: 891 creatures vanquished

Notes
Turn   | Place    | Note
--------------------------------------------------------------
     0 | D:1      | wojtek, the Kobold Assassin, began the quest for the Orb.
     0 | D:1      | Reached XP level 1. HP: 12/12 MP: 1/1
   151 | D:1      | Reached XP level 2. HP: 17/17 MP: 2/2
   367 | D:1      | Reached XP level 3. HP: 17/21 MP: 3/3
   767 | D:2      | Noticed Terence
   972 | D:2      | Found a burning altar of Makhleb.
   984 | D:2      | Found a glowing silver altar of Zin.
   984 | D:2      | Noticed an angel
   985 | D:2      | Noticed a cacodemon
   987 | D:2      | Became a worshipper of Makhleb the Destroyer
  1004 | D:2      | Reached skill level 5 in Short Blades
  1287 | D:3      | Reached XP level 4. HP: 26/26 MP: 4/4
  1630 | D:3      | Reached skill level 6 in Short Blades
  1745 | D:3      | Acquired Makhleb's first power
  2419 | D:3      | Noticed a giant frog
  2456 | D:3      | Killed a giant frog
  2456 | D:3      | Reached skill level 7 in Short Blades
  2456 | D:3      | Reached XP level 5. HP: 5/30 MP: 5/5
  2834 | D:4      | Reached XP level 6. HP: 35/35 MP: 6/6
  3009 | D:4      | Reached skill level 1 in Invocations
  3072 | D:4      | Found a shattered altar of Ashenzari.
  3101 | D:4      | Noticed an orc warrior
  3146 | D:4      | Killed an orc warrior
  3526 | D:4      | Reached XP level 7. HP: 41/41 MP: 9/9
  3935 | D:5      | Entered Level 5 of the Dungeon
  3935 | D:5      | Noticed Sigmund
  4122 | D:5      | Found a staircase to the Ecumenical Temple.
  4223 | D:5      | Acquired Makhleb's second power
  4276 | D:5      | Found a bloodstained altar of Trog.
  4277 | D:5      | Found a snail-covered altar of Cheibriados.
  4497 | D:5      | Found a glowing drain.
  4501 | Sewer    | Entered a sewer
  4963 | D:6      | Reached XP level 8. HP: 43/48 MP: 13/13
  5337 | D:6      | Acquired Makhleb's third power
  5337 | D:6      | Reached skill level 5 in Fighting
  5345 | D:6      | Reached skill level 5 in Dodging
  6006 | D:7      | Reached skill level 5 in Invocations
  6041 | D:7      | Found Iggy's Gadget Boutique.
  6114 | D:7      | Reached XP level 9. HP: 55/55 MP: 17/17
  6372 | D:7      | Found a sparkling altar of Nemelex Xobeh.
  6373 | D:7      | Found an opulent altar of Gozag.
  6784 | D:7      | Reached skill level 8 in Short Blades
  6808 | D:7      | Acquired Makhleb's fourth power
  6914 | D:7      | Found an ancient bone altar of Kikubaaqudgha.
  6915 | D:7      | Found a sacrificial altar of Ru.
  8069 | D:9      | Reached skill level 9 in Short Blades
  8179 | D:9      | Reached XP level 10. HP: 63/63 MP: 20/20
  8579 | D:9      | Acquired Makhleb's fifth power
  8917 | D:10     | Entered Level 10 of the Dungeon
  9029 | D:10     | Found a staircase to the Lair.
  9925 | D:10     | Reached skill level 10 in Short Blades
 10672 | D:11     | Found a staircase to the Orcish Mines.
 10672 | D:11     | Noticed a manticore
 10695 | D:11     | Killed a manticore
 10695 | D:11     | Reached XP level 11. HP: 69/69 MP: 23/23
 10932 | D:11     | Noticed a hill giant
 11382 | D:10     | Reached skill level 11 in Short Blades
 11437 | Lair:1   | Entered Level 1 of the Lair of Beasts
 11472 | Lair:1   | Noticed a six-headed hydra
 11588 | Lair:2   | Reached skill level 10 in Dodging
 11714 | Lair:1   | Killed a six-headed hydra
 12213 | Lair:2   | Learned a level 3 spell: Spectral Weapon
 12350 | Lair:2   | Reached skill level 1 in Hexes
 12350 | Lair:2   | Reached skill level 1 in Charms
 13159 | D:2      | Killed Terence
 13309 | D:5      | Killed Sigmund
 14483 | Lair:3   | Noticed a griffon
 14511 | Lair:3   | Killed a griffon
 14527 | Lair:3   | Reached XP level 12. HP: 77/77 MP: 25/25
 14659 | Lair:3   | Got a shimmering pewter ring
 15059 | Lair:3   | Reached skill level 5 in Hexes
 15356 | Lair:4   | Noticed a five-headed hydra
 15360 | Lair:4   | Killed a five-headed hydra
 15397 | Lair:4   | Noticed Erica
 15419 | Lair:4   | Killed Erica
 15419 | Lair:4   | Reached skill level 5 in Charms
 15983 | Lair:5   | Gained mutation: Your body is slowly deteriorating. [a neqoxec]
 16360 | Lair:5   | Identified the ring "Todul" {Fire rPois Str+5 Dex-3} (You found it on level 3 of the Lair of Beasts)
 17080 | Lair:2   | Learned a level 6 spell: Haste
 17224 | Lair:4   | Reached XP level 13. HP: 79/81 MP: 26/26
 17868 | Lair:4   | Found a staircase to the Swamp.
 17951 | Lair:6   | Noticed a cacodemon
 17953 | Lair:6   | Gained mutation: You evolve. [a cacodemon]
 18328 | Lair:6   | Found a hole to the Spider Nest.
 18492 | Lair:6   | Reached skill level 12 in Dodging
 18542 | Lair:6   | Found a staircase to the Swamp.
 18891 | Lair:6   | Found a staircase to the Snake Pit.
 18943 | Lair:6   | HP: 4/81 [yak[a torpor snail] (9)]
 20252 | Lair:7   | Reached skill level 13 in Dodging
 20364 | Lair:7   | Reached XP level 14. HP: 87/87 MP: 27/27
 20470 | Lair:7   | Reached skill level 10 in Charms
 20482 | Lair:7   | Gained mutation: You have sharp fingernails. [evolution]
 20482 | Lair:7   | Lost mutation: You evolve. [end of evolution]
 21650 | D:11     | Noticed a hill giant
 21661 | D:11     | Killed a hill giant
 22277 | D:11     | Killed a hill giant
 22429 | Orc:1    | Entered Level 1 of the Orcish Mines
 22487 | Orc:1    | Found a roughly hewn altar of Beogh.
 22691 | Orc:2    | Noticed Fannar
 22742 | Orc:2    | Killed Fannar
 22815 | Orc:2    | Noticed Erolcha
 22825 | Orc:2    | Noticed Maurice
 22825 | Orc:2    | Killed Erolcha
 22831 | Orc:2    | Killed Maurice
 24797 | Orc:3    | Found a staircase to the Elven Halls.
 25249 | Orc:4    | Entered Level 4 of the Orcish Mines
 25354 | Orc:4    | Found a white marble altar of Elyvilon.
 25641 | Orc:4    | Found Eku Loun's Antique Armour Shoppe.
 25641 | Orc:4    | Found Plaghi's Magic Scroll Boutique.
 25811 | Orc:3    | Reached skill level 14 in Dodging
 26045 | Orc:4    | Found Prozema's General Store.
 26085 | Orc:4    | Reached skill level 10 in Fighting
 26137 | Orc:4    | Found Leamus' Food Shop.
 26271 | Orc:4    | Bought a runed hat for 116 gold pieces
 26281 | Orc:4    | Bought a scroll of fear for 52 gold pieces
 26287 | Orc:4    | Bought a scroll of identify for 30 gold pieces
 26287 | Orc:4    | Bought a scroll of fog for 30 gold pieces
 26520 | D:12     | Noticed Nergalle
 26541 | D:12     | Killed Nergalle
 27067 | D:12     | Reached XP level 15. HP: 92/92 MP: 28/28
 28082 | Lair:8   | Entered Level 8 of the Lair of Beasts
 28943 | Lair:8   | Found a staircase to the Slime Pits.
 29013 | Lair:8   | Engulfed by a blizzard demon's freezing vapour

Action                   |  1- 3 |  4- 6 |  7- 9 | 10-12 | 13-15 || total
-------------------------+-------+-------+-------+-------+-------++-------
Melee: Dagger            |    88 |   107 |    93 |       |       ||   288
       Short sword       |       |       |   443 |  1224 |  2419 ||  4086
 Fire: Blowgun           |     3 |    22 |    38 |    35 |    15 ||   113
 Cast: Spectral Weapon   |       |       |       |     2 |    16 ||    18
Invok: Lesser Servant of |       |       |       |     7 |     5 ||    12
       Greater Servant o |       |       |       |     2 |    18 ||    20
       Major Destruction |       |       |       |     1 |    13 ||    14
       Minor Destruction |       |       |       |       |    20 ||    20
Evoke: Wand              |       |       |       |       |     1 ||     1
  Use: Potion            |     1 |       |       |     1 |     4 ||     6
       Scroll            |       |       |     6 |    12 |     6 ||    24
 Stab: Sleeping          |    11 |     6 |    20 |    30 |    26 ||    93
       Distracted        |       |     1 |     3 |     9 |    21 ||    34
       Fleeing           |       |       |       |     1 |       ||     1
       Confused          |       |       |       |       |     1 ||     1
  Eat: Chunk             |     9 |     7 |    20 |    29 |    52 ||   117
